 Dungeon Crawl Stone Soup version 0.31-a0-267-g3fc6992b3b (webtiles) character file.

Game seed: 2990260875010614836

47 qw the Shooter (level 3, -4/21 HPs)
             Began as a Gargoyle Hexslinger on July 14, 2023.
             Slain by Duvessa
             ... wielding a +0 rapier
              (13 damage)
             ... on level 4 of the Dungeon.
             The game lasted 00:00:31 (1552 turns).

qw the Shooter (Gargoyle Hexslinger)                Turns: 1552, Time: 00:00:31

Health: -4/21      AC:  7    Str: 11    XL:     3   Next: 70%
Magic:  4/4        EV: 11    Int: 13    God:
Gold:   154        SH:  0    Dex: 14    Spells: 3/4 levels left

rFire   . . .        Y - +2 sling
rCold   . . .        (no shield)
rNeg    + . .        d - +0 leather armour
rPois   inf          (no helmet)
rElec   +            (no cloak)
rCorr   .            i - +0 pair of gloves
SInv    .            (no boots)
Will    .....        (no amulet)
Stlth   +            (no ring)
HPRegen 0.23/turn    (no ring)
MPRegen 0.09/turn

%: no passive effects
@: no status effects
A: sickness immunity, AC +3, negative energy resistance 1, electricity
resistance, torment resistance 1, petrification resistance
a: no special abilities


You were on level 4 of the Dungeon.
You visited 1 branch of the dungeon, and saw 3 of its levels.

You collected 154 gold pieces.


Innate Abilities, Weirdness & Mutations

You are immune to sickness and miasma.
Your stone body is resilient. (AC +3)
You are immune to poison.
You resist negative energy. (rN+)
You are resistant to electric shocks. (rElec)
You are resistant to unholy torment.
You are immune to petrification.


   Skills:
 - Level 2.0 Fighting
 + Level 3.6 Ranged Weapons
 - Level 1.5 Dodging
 - Level 1.0 Spellcasting
 - Level 2.6 Hexes


You had 3 spell levels left.
You knew the following spells:

 Your Spells              Type           Power      Damage    Failure   Level
a - Slow                  Hex            28%        N/A       12%         1

Your spell library contained the following spells:

 Spells                   Type           Power      Damage    Failure   Level
 Inner Flame              Hex/Fire       4%         N/A       54%         3
 Portal Projectile        Hex/Tloc       8%         N/A       54%         3
 Cause Fear               Hex            3%         N/A       77%         4

Inventory:

Hand Weapons
 Y - a +2 sling (weapon)
Armour
 d - a +0 leather armour (worn)
 e - a +0 ring mail
 i - a +0 pair of gloves (worn)
Scrolls
 a - a scroll of silence {unknown}
 g - a scroll of blinking {unknown}
 h - 5 scrolls of identify
Potions
 b - 2 potions of brilliance {unknown}
 c - 2 potions of curing {unknown}
 f - 2 potions of lignification {unknown}
 j - 2 potions of attraction {unknown}

Dungeon Overview and Level Annotations

Branches:
Dungeon (2/15)

Altars:

Annotations:
D:4 Dowan, Duvessa


Message History

You kill the quokka!
Found 8 stones.
A sourceless malevolence fills the Dungeon...
You fall into a shaft and drop 2 floors!
The shaft crumbles and collapses.
Duvessa, Sister of Dowan comes into view.
She is wielding a +0 rapier.
Duvessa shouts!
Duvessa moves out of view.
j - 2 bubbling silvery potions Dowan, Brother of Duvessa comes into view.
He is wielding a +0 dagger and wearing a +2 robe of fire resistance.
Waypoint 2 assigned to D:4.
You shoot a sling bullet.
The sling bullet hits Duvessa but does no damage.
You shoot a sling bullet. The sling bullet hits Duvessa.
Duvessa is lightly wounded.
You shoot a sling bullet.
The sling bullet hits Duvessa but does no damage.
Duvessa is lightly wounded.
Dowan gestures at you while chanting. You resist with significant effort.
You shoot a sling bullet. The sling bullet barely misses Duvessa.
An endoplasm comes into view.
Duvessa hits you with a +0 rapier.
The endoplasm moves out of view.
You shoot a sling bullet.
The sling bullet closely misses Duvessa.
Duvessa barely misses you.
You shoot a sling bullet. The sling bullet hits Duvessa.
Duvessa is moderately wounded.
Duvessa barely misses you.
Dowan points at you and mumbles some strange words.
The puff of flame hits you.
You shoot a sling bullet. The sling bullet hits Duvessa.
Duvessa is moderately wounded.
Dowan says, "My weaknesses are her strengths!"
Duvessa says, "When magic and the sword combine, nothing stands against them."
Duvessa hits you with a +0 rapier.
You shoot a sling bullet. The sling bullet hits Duvessa.
Duvessa is heavily wounded.
Duvessa hits you with a +0 rapier!
Ouch! That really hurt!
You die...

#........
###..... .
......#.##
#.....#..##
##.......... #
##.........
...#.....ee#
.........@#
.#.......#
###..........
#...........
.......##.....
#.......##
##...
.......## ...
.#..#.. ..
######


You could see Duvessa and Dowan.

Vanquished Creatures
  An adder (D:2)
  A dart slug (D:1)
  5 giant cockroaches
  3 goblins (D:1)
  6 hobgoblins
  5 jackals
  3 kobolds
  2 quokkas (D:2)
  A ball python (D:1)
  A frilled lizard (D:2)
  3 rats
31 creatures vanquished.

Notes
Turn   | Place    | Note
-------+----------+-------------------------------------------
     0 | D:1      | qw the Gargoyle Hexslinger began the quest for the Orb.
     0 | D:1      | Reached XP level 1. HP: 12/12 MP: 2/2
     0 | D:1      | 0 ||| qw: Version: 0.3-a-52-g30416fa
     0 | D:1      | 0 ||| qw: Game counter: 7880
     0 | D:1      | 0 ||| qw: Melee chars always use a shield: true
     0 | D:1      | 0 ||| qw: God list: Okawaru
     0 | D:1      | 0 ||| qw: Allow faded altars: false
     0 | D:1      | 0 ||| qw: Do Orc after clearing Dungeon:15 true
     0 | D:1      | 0 ||| qw: Do second Lair branch before Depths: true
     0 | D:1      | 0 ||| qw: Lair rune preference: random
     0 | D:1      | 0 ||| qw: Goals: Normal
     0 | D:1      | 0 ||| PLANNING D:1-11
   174 | D:1      | Reached XP level 2. HP: 16/16 MP: 3/3
   253 | D:1      | Reached skill level 3 in Ranged Weapons
   762 | D:1      | 762 ||| UPGRADING to +0 leather armour.
   772 | D:1      | 772 ||| DROPPING +0 robe.
   773 | D:1      | 773 ||| UPGRADING to +0 pair of gloves.
   778 | D:1      | 778 ||| DROPPING amulet of magic regeneration.
   779 | D:1      | 779 ||| READING 2 scrolls labelled SEILUU NIEVES.
   782 | D:1      | 782 ||| READING scroll labelled LASIEHA BEDE.
   783 | D:1      | 783 ||| READING scroll labelled OGAUXU MOURPHIL.
   784 | D:1      | 784 ||| READING 2 scrolls labelled FOXTAU KEGODGH.
   785 | D:1      | 785 ||| DROPPING scroll of poison.
   837 | D:2      | Reached XP level 3. HP: 21/21 MP: 4/4
   995 | D:2      | HP: 4/21 [adder (2)]
   996 | D:2      | 996 ||| READING scroll of teleportation.
  1541 | D:2      | You fall into a shaft and drop 2 floors!
  1543 | D:4      | Noticed Duvessa
  1544 | D:4      | Noticed Dowan
  1552 | D:4      | Slain by Duvessa

Levels and vault maps discovered:
D:1:      co_arrival_random_square_maze, layout_loops_cross,
          minmay_gold_behind_fungi
D:2:      layout_basic
D:4:      layout_cave_pools, uniq_blork_the_orc, uniq_eustachio, uniq_duvessa,
          uniq_grinder, uniq_sigmund

Skill      XL: |  1  2 |
---------------+-------+-----
Ranged Weapons | 3 |  3.6
Fighting       | 2 |  2.0
Dodging        | |  1.5
Spellcasting   | |  1.0
Hexes          | |  2.6

Action                     || total
---------------------------++-------
   Fire: Sling             ||   114
    Use: Scroll            ||     5
 Armour: Robe              ||     8
         Leather armour    ||    12
  Dodge: Dodged            ||    27

Table legend:
 A = Non-vault XP
 B = Vault XP
 C = Vault XP percentage of total XP
 D = Non-vault monster count
 E = Vault monster count
 F = Vault count percentage of total count
                 A         B        C        D         E       F
            +---------+---------+-------+---------+---------+-------
      Total |      68 |       0 |   0.0 |      31 |       0 |   0.0
            +---------+---------+-------+---------+---------+-------
        D:1 |      33 |       0 |   0.0 |      17 |       0 |   0.0
        D:2 |      35 |       0 |   0.0 |      14 |       0 |   0.0
            +---------+---------+-------+---------+---------+-------
